General information
			
			
        
        - name: BNet
 
        - type: Ladder team game (AT/RT)
 
        - host: Battle.net
 
        - saver: nvca.rebuke
 
        
map: MarketSquare 
        - players: 8
 
        - length: 28:15
 
        - speed: Fast
 - version: 1.22 W3XP
 - replay type:  Public
 
» download(245 KB)
Players
        team 1 (winner) 
              
              
» 
nvca.rebuke (
teal | 139 APM | 3940 actions | 28:15)
              
 6 Death Knight 
 3 Death Coil
 3 Unholy Aura
 5 Lich 
 3 Frost Nova
 2 Dark Ritual
 5 Dreadlord 
 2 Sleep
 3 Carrion Swarm
 
                » actions 
                
                | Assign group hotkey | 120 |  | 
| Basic commands | 61 |  | 
| Build / train | 161 |  | 
| ESC pressed | 4 |  | 
| Enter build submenu | 26 |  | 
| Enter hero's abilities submenu | 18 |  | 
| Give item / drop item | 6 |  | 
| Right click | 1691 |  | 
| Select / deselect | 651 |  | 
| Select group hotkey | 1021 |  | 
| Use ability | 181 |  | 
                3940 total
 » units 
                
                | Acolyte | 23 |  | 
| Ghoul | 16 |  | 
| Obsidian Statue | 2 |  | 
| Frost Wyrm | 8 |  | 
| Gargoyle | 19 |  | 
                68 total
 » upgrades
                
                | Cannibalize | 1 |  | 
| Ghoul Frenzy | 1 |  | 
| Creature Attack | 3 |  | 
| Stone Form | 1 |  | 
| Destroyer Form | 1 |  | 
| Creature Carapace | 2 |  | 
                9 total
 » buildings
                
                | Crypt | 3 |  | 
| Altar of Darkness | 1 |  | 
| Ziggurat | 8 |  | 
| Tomb of Relics | 1 |  | 
| Necropolis | 1 |  | 
| Halls of the Dead | 7 |  | 
| Graveyard | 1 |  | 
| Black Citadel | 2 |  | 
| Sacrificial Pit | 1 |  | 
| Slaughterhouse | 2 |  | 
| Boneyard | 2 |  | 
                29 total
 » build order
                00:10 Crypt
00:13 Altar of Darkness
00:25 Ziggurat
01:08 Tomb of Relics
01:20 Ziggurat
02:28 Necropolis
03:00 Halls of the Dead
03:00 Halls of the Dead
03:01 Halls of the Dead
04:19 Ziggurat
04:53 Graveyard
05:22 Black Citadel
06:34 Sacrificial Pit
06:47 Ziggurat
07:00 Slaughterhouse
07:19 Crypt
08:19 Boneyard
09:03 Boneyard
10:04 Ziggurat
10:38 Ziggurat
10:39 Ziggurat
10:51 Slaughterhouse
10:53 Crypt
20:57 Ziggurat
» items
                
                | Rod of Necromancy | 8 |  | 
| Orb of Corruption | 9 |  | 
| Scroll of Town Portal | 9 |  | 
| Potion of Lesser Invulnerability | 2 |  | 
| Dust of Appearance | 3 |  | 
| Scroll of Healing | 11 |  | 
| Potion of Mana | 1 |  | 
| Scroll of Protection | 1 |  | 
                44 total
  
               
              
              
» 
Mohit (
purple | 57 APM | 1605 actions | 28:14)
              
 5 Mountain King 
 3 Storm Bolt
 2 Bash
 4 Paladin 
 1 Divine Shield
 2 Holy Light
 1 Devotion Aura
 
                » actions 
                
                | Assign group hotkey | 23 |  | 
| Basic commands | 13 |  | 
| Build / train | 82 |  | 
| Enter build submenu | 25 |  | 
| Enter hero's abilities submenu | 9 |  | 
| Give item / drop item | 1 |  | 
| Right click | 676 |  | 
| Select / deselect | 494 |  | 
| Select group hotkey | 207 |  | 
| Use ability | 75 |  | 
                1605 total
 » units 
                
                | Peasant | 20 |  | 
| Rifleman | 13 |  | 
| Sorceress | 7 |  | 
| Priest | 3 |  | 
| Mortar Team | 4 |  | 
| Siege Engine | 2 |  | 
                49 total
 » upgrades
                
                | Gunpowder | 3 |  | 
| Armor | 3 |  | 
| Long Rifles | 1 |  | 
| Barrage | 1 |  | 
| Fragmentation Shards | 1 |  | 
                9 total
 » buildings
                
                | Altar of Kings | 1 |  | 
| Farm | 10 |  | 
| Barracks | 2 |  | 
| Blacksmith | 1 |  | 
| Scout Tower | 1 |  | 
| Arcane Tower | 1 |  | 
| Keep | 1 |  | 
| Arcane Vault | 1 |  | 
| Arcane Sanctum | 2 |  | 
| Workshop | 1 |  | 
| Town Hall | 1 |  | 
| Castle | 1 |  | 
                23 total
 » build order
                00:05 Altar of Kings
00:09 Farm
00:47 Barracks
01:13 Farm
02:07 Blacksmith
02:21 Scout Tower
02:23 Farm
02:33 Barracks
03:24 Arcane Tower
03:54 Farm
03:56 Farm
05:12 Keep
05:35 Arcane Vault
05:56 Farm
08:23 Arcane Sanctum
09:46 Arcane Sanctum
11:27 Farm
12:30 Farm
12:31 Farm
13:16 Workshop
13:23 Farm
19:03 Town Hall
20:13 Castle
» items
                
                | Scroll of Regeneration | 4 |  | 
| Lesser Clarity Potion | 1 |  | 
| Periapt of Vitality | 1 |  | 
| Scroll of Town Portal | 3 |  | 
                9 total
  
               
              
              
Stinky-Girl (
green | 47 APM | 1334 actions | 28:14)
              
 5 Keeper of the Grove 
 2 Entangling Roots
 3 Thorns Aura
 2 Priestess of the Moon 
 1 Trueshot Aura
 1 Searing Arrows
 
                » actions 
                
                | Assign group hotkey | 31 |  | 
| Basic commands | 41 |  | 
| Build / train | 79 |  | 
| ESC pressed | 1 |  | 
| Enter build submenu | 22 |  | 
| Enter hero's abilities submenu | 7 |  | 
| Remove unit from queue | 1 |  | 
| Right click | 266 |  | 
| Select / deselect | 343 |  | 
| Select group hotkey | 446 |  | 
| Use ability | 97 |  | 
                1334 total
 » units 
                
                | Wisp | 23 |  | 
| Huntress | 6 |  | 
| Druid of the Claw | 6 |  | 
| Mountain Giant | 4 |  | 
| Dryad | 3 |  | 
                42 total
 » upgrades
                
                | Ultravision | 1 |  | 
| Strength of the Wild | 3 |  | 
| Sentinel | 1 |  | 
| Reinforced Hides | 3 |  | 
| Druid of the Claw Training | 2 |  | 
| Well Spring | 1 |  | 
| Mark of the Claw | 1 |  | 
| Upgrade Moon Glaive | 1 |  | 
| Nature's Blessing | 1 |  | 
| Hardened Skin | 1 |  | 
| Resistant Skin | 1 |  | 
| Abolish Magic | 1 |  | 
                17 total
 » buildings
                
                | Moon Well | 10 |  | 
| Altar of Elders | 1 |  | 
| Hunter's Hall | 1 |  | 
| Ancient of War | 1 |  | 
| Ancient of Wonders | 1 |  | 
| Tree of Ages | 1 |  | 
| Tree of Eternity | 1 |  | 
| Ancient of Lore | 3 |  | 
| Tree of Life | 5 |  | 
                24 total
 » build order
                00:11 Moon Well
00:17 Altar of Elders
01:03 Hunter's Hall
01:45 Ancient of War
01:56 Moon Well
02:33 Ancient of Wonders
03:39 Moon Well
03:44 Moon Well
04:19 Tree of Ages
05:17 Moon Well
07:23 Tree of Eternity
07:30 Ancient of Lore
07:42 Ancient of Lore
08:06 Ancient of Lore
12:15 Tree of Life
14:02 Tree of Life
19:40 Moon Well
19:43 Moon Well
23:24 Moon Well
24:11 Tree of Life
24:38 Moon Well
25:51 Moon Well
26:55 Tree of Life
26:59 Tree of Life
» items
                
                | Scroll of Town Portal | 4 |  | 
| Moonstone | 1 |  | 
| Orb of Venom | 1 |  | 
| Staff of Preservation | 1 |  | 
| Scroll of Protection | 1 |  | 
                8 total
  
               
              
              
RoxXxx (
pink | 42 APM | 1176 actions | 28:14)
              
 6 Paladin 
 3 Holy Light
 2 Divine Shield
 1 Resurrection
 4 Mountain King 
 2 Storm Bolt
 2 Bash
 
                » actions 
                
                | Basic commands | 1 |  | 
| Build / train | 52 |  | 
| Enter build submenu | 22 |  | 
| Enter hero's abilities submenu | 10 |  | 
| Give item / drop item | 1 |  | 
| Right click | 695 |  | 
| Select / deselect | 285 |  | 
| Use ability | 110 |  | 
                1176 total
 » units 
                
                | Peasant | 8 |  | 
| Footman | 7 |  | 
| Gryphon Rider | 6 |  | 
                21 total
 » upgrades
                
                | Defend | 1 |  | 
| Lumber Harvesting | 1 |  | 
| Swords | 3 |  | 
| Storm Hammers | 1 |  | 
| Animal War Training | 1 |  | 
| Armor | 1 |  | 
                8 total
 » buildings
                
                | Altar of Kings | 1 |  | 
| Barracks | 1 |  | 
| Farm | 10 |  | 
| Scout Tower | 4 |  | 
| Lumber Mill | 1 |  | 
| Arcane Tower | 1 |  | 
| Guard Tower | 3 |  | 
| Keep | 1 |  | 
| Arcane Vault | 1 |  | 
| Blacksmith | 1 |  | 
| Castle | 1 |  | 
| Gryphon Aviary | 2 |  | 
                27 total
 » build order
                00:07 Altar of Kings
00:29 Barracks
00:42 Farm
00:55 Farm
01:26 Farm
01:46 Scout Tower
02:03 Lumber Mill
02:11 Farm
02:17 Scout Tower
02:23 Scout Tower
02:52 Farm
02:58 Arcane Tower
03:14 Guard Tower
03:38 Farm
03:45 Guard Tower
04:18 Farm
04:47 Keep
05:20 Arcane Vault
05:26 Scout Tower
06:28 Guard Tower
06:30 Farm
06:33 Blacksmith
07:53 Castle
07:59 Gryphon Aviary
08:02 Gryphon Aviary
20:18 Farm
20:55 Farm
» items
                
                | Potion of Healing | 1 |  | 
| Scroll of Town Portal | 2 |  | 
| Scroll of Regeneration | 1 |  | 
| Lesser Clarity Potion | 1 |  | 
                5 total
  
               team 2 (loser) 
              
              
BaLLa_ (
orange | 70 APM | 1952 actions | 27:59)
              
 6 Death Knight 
 3 Death Coil
 1 Unholy Aura
 1 Death Pact
 1 Animate Dead
 5 Lich 
 3 Frost Nova
 2 Dark Ritual
 4 Crypt Lord 
 2 Impale
 2 Spiked Carapace
 
                » actions 
                
                | Assign group hotkey | 41 |  | 
| Basic commands | 29 |  | 
| Build / train | 75 |  | 
| Enter build submenu | 17 |  | 
| Enter hero's abilities submenu | 15 |  | 
| Give item / drop item | 4 |  | 
| Remove unit from queue | 5 |  | 
| Right click | 916 |  | 
| Select / deselect | 480 |  | 
| Select group hotkey | 248 |  | 
| Use ability | 122 |  | 
                1952 total
 » units 
                
                | Acolyte | 8 |  | 
| Ghoul | 5 |  | 
| Crypt Fiend | 8 |  | 
| Frost Wyrm | 7 |  | 
                28 total
 » upgrades
                
                | Creature Attack | 2 |  | 
| Burrow | 1 |  | 
| Web | 1 |  | 
                4 total
 » buildings
                
                | Crypt | 1 |  | 
| Graveyard | 1 |  | 
| Altar of Darkness | 1 |  | 
| Ziggurat | 8 |  | 
| Tomb of Relics | 1 |  | 
| Nerubian Tower | 2 |  | 
| Halls of the Dead | 2 |  | 
| Black Citadel | 2 |  | 
| Sacrificial Pit | 1 |  | 
| Boneyard | 2 |  | 
                21 total
 » build order
                00:13 Crypt
00:16 Graveyard
00:43 Altar of Darkness
00:58 Ziggurat
01:28 Tomb of Relics
01:54 Nerubian Tower
01:55 Nerubian Tower
02:10 Ziggurat
03:59 Halls of the Dead
04:32 Ziggurat
05:15 Ziggurat
06:57 Black Citadel
06:57 Black Citadel
07:36 Sacrificial Pit
07:55 Ziggurat
07:56 Ziggurat
09:42 Boneyard
09:45 Boneyard
12:31 Ziggurat
12:31 Ziggurat
» items
                
                | Rod of Necromancy | 2 |  | 
| Scroll of Town Portal | 6 |  | 
| Potion of Healing | 1 |  | 
                9 total
  
               
              
              
» 
BALLER4LIFE (
yellow | 59 APM | 1669 actions | 28:08)
              
 6 Death Knight 
 3 Death Coil
 2 Unholy Aura
 1 Animate Dead
 4 Lich 
 2 Frost Nova
 2 Frost Armor
 4 Crypt Lord 
 2 Impale
 2 Spiked Carapace
 
                » actions 
                
                | Assign group hotkey | 25 |  | 
| Basic commands | 1 |  | 
| Build / train | 68 |  | 
| Enter build submenu | 20 |  | 
| Enter hero's abilities submenu | 14 |  | 
| Give item / drop item | 4 |  | 
| Right click | 882 |  | 
| Select / deselect | 391 |  | 
| Select group hotkey | 184 |  | 
| Use ability | 80 |  | 
                1669 total
 » units 
                
                | Acolyte | 14 |  | 
| Ghoul | 4 |  | 
| Crypt Fiend | 7 |  | 
| Frost Wyrm | 8 |  | 
                33 total
 » upgrades
                
                | Creature Attack | 3 |  | 
| Creature Carapace | 3 |  | 
| Web | 1 |  | 
| Freezing Breath | 1 |  | 
                8 total
 » buildings
                
                | Crypt | 1 |  | 
| Graveyard | 1 |  | 
| Ziggurat | 7 |  | 
| Altar of Darkness | 1 |  | 
| Tomb of Relics | 1 |  | 
| Nerubian Tower | 1 |  | 
| Halls of the Dead | 1 |  | 
| Sacrificial Pit | 1 |  | 
| Black Citadel | 1 |  | 
| Necropolis | 3 |  | 
| Boneyard | 3 |  | 
                21 total
 » build order
                00:09 Crypt
00:20 Graveyard
00:45 Ziggurat
01:00 Altar of Darkness
01:38 Ziggurat
01:54 Tomb of Relics
03:10 Nerubian Tower
03:49 Ziggurat
04:33 Halls of the Dead
05:04 Ziggurat
06:09 Ziggurat
07:38 Sacrificial Pit
08:17 Black Citadel
08:38 Necropolis
10:41 Boneyard
10:42 Boneyard
10:43 Boneyard
11:53 Ziggurat
13:34 Ziggurat
14:46 Necropolis
19:25 Necropolis
» items
                
                | Rod of Necromancy | 1 |  | 
| Scroll of Town Portal | 5 |  | 
| Orb of Corruption | 1 |  | 
                7 total
  
               
              
              
» 
Hybrid(TB) (
blue | 103 APM | 2903 actions | 28:14)
              
 5 Priestess of the Moon 
 2 Searing Arrows
 3 Trueshot Aura
 4 Keeper of the Grove 
 2 Entangling Roots
 2 Thorns Aura
 
                » actions 
                
                | Assign group hotkey | 47 |  | 
| Basic commands | 235 |  | 
| Build / train | 84 |  | 
| ESC pressed | 3 |  | 
| Enter build submenu | 17 |  | 
| Enter hero's abilities submenu | 9 |  | 
| Give item / drop item | 2 |  | 
| Right click | 1075 |  | 
| Select / deselect | 431 |  | 
| Select group hotkey | 924 |  | 
| Use ability | 76 |  | 
                2903 total
 » units 
                
                | Wisp | 17 |  | 
| Huntress | 10 |  | 
| Dryad | 15 |  | 
| Hippogryph | 19 |  | 
                61 total
 » upgrades
                
                | Sentinel | 1 |  | 
| Strength of the Wild | 1 |  | 
| Abolish Magic | 1 |  | 
| Reinforced Hides | 1 |  | 
                4 total
 » buildings
                
                | Altar of Elders | 1 |  | 
| Moon Well | 6 |  | 
| Hunter's Hall | 1 |  | 
| Ancient of War | 2 |  | 
| Tree of Ages | 1 |  | 
| Ancient of Lore | 1 |  | 
| Ancient of Wind | 1 |  | 
| Tree of Life | 3 |  | 
| Ancient of Wonders | 1 |  | 
                17 total
 » build order
                00:17 Altar of Elders
00:21 Moon Well
01:57 Hunter's Hall
02:01 Ancient of War
02:13 Ancient of War
02:32 Moon Well
04:32 Moon Well
05:00 Tree of Ages
05:51 Moon Well
07:25 Ancient of Lore
10:01 Moon Well
10:11 Ancient of Wind
11:19 Tree of Life
11:27 Moon Well
13:55 Ancient of Wonders
16:53 Tree of Life
18:30 Tree of Life
» items
                 
               
              
              
DK-Magus (
red | 42 APM | 1186 actions | 28:03)
              
 4 Firelord 
 2 Summon Lava Spawn
 2 Soul Burn
 
                » actions 
                
                | Assign group hotkey | 19 |  | 
| Basic commands | 44 |  | 
| Build / train | 62 |  | 
| Enter build submenu | 16 |  | 
| Enter hero's abilities submenu | 4 |  | 
| Right click | 404 |  | 
| Select / deselect | 219 |  | 
| Select group hotkey | 380 |  | 
| Use ability | 38 |  | 
                1186 total
 » units 
                
                | Wisp | 13 |  | 
| Archer | 12 |  | 
| Dryad | 14 |  | 
| Mountain Giant | 4 |  | 
                43 total
 » upgrades
                
                | Strength of the Wild | 3 |  | 
| Reinforced Hides | 3 |  | 
| Abolish Magic | 1 |  | 
| Improved Bows | 1 |  | 
| Resistant Skin | 1 |  | 
| Hardened Skin | 1 |  | 
                10 total
 » buildings
                
                | Altar of Elders | 1 |  | 
| Moon Well | 7 |  | 
| Ancient of War | 1 |  | 
| Tree of Ages | 1 |  | 
| Hunter's Hall | 1 |  | 
| Ancient of Lore | 2 |  | 
| Tree of Eternity | 1 |  | 
| Ancient of Wonders | 1 |  | 
| Tree of Life | 2 |  | 
| Ancient of Wind | 1 |  | 
                18 total
 » build order
                00:09 Altar of Elders
00:15 Moon Well
01:21 Ancient of War
01:41 Moon Well
02:29 Moon Well
03:29 Moon Well
04:03 Tree of Ages
04:29 Hunter's Hall
04:52 Moon Well
05:43 Moon Well
07:15 Ancient of Lore
07:52 Ancient of Lore
09:52 Tree of Eternity
12:24 Ancient of Wonders
14:49 Moon Well
16:56 Tree of Life
25:56 Ancient of Wind
27:02 Tree of Life
» items
                
                | Orb of Venom | 1 |  | 
| Scroll of Town Portal | 1 |  | 
                2 total
  
                Chat log
          (00:16 / All) nvca.rebuke: glhf
(00:18 / Allies) RoxXxx: foot to grypho here
(00:19 / All) BaLLa_: gl
(00:22 / Allies) Stinky-Girl: who has melee?
(00:24 / All) BALLER4LIFE: suck it
(00:33 / All) BALLER4LIFE: sum1 bs that fucker 
(00:37 / Allies) Stinky-Girl: who has melee ?
(00:38 / All) BALLER4LIFE: 36-6
(00:43 / All) nvca.rebuke: thats pretty bad
(00:46 / Allies) Stinky-Girl: i got melee i guess
(01:02 / All) BaLLa_: hurt my crypt
(01:04 / All) BaLLa_: homo
(01:39 / Allies) Stinky-Girl: hunt bear giant
(01:41 / Allies) Mohit: green
(01:45 / Allies) Mohit: come with me to harrass
(01:54 / Allies) Mohit: i'll do rilfes
(02:00 / Allies) Stinky-Girl: k
(02:01 / Allies) Stinky-Girl: entangle
(02:04 / Allies) Mohit: mk
(02:37 / Allies) RoxXxx: rush or cc?
(02:41 / Allies) Stinky-Girl: alco?
(02:45 / Allies) Mohit: hero
(03:29 / All) nvca.rebuke: fag
(03:41 / All) Hybrid(TB): whatevski
(03:49 / All) nvca.rebuke: that really pissed me off!
(03:59 / Allies) Mohit: lets go ?
(04:03 / Allies) Mohit: green
(04:07 / Allies) Stinky-Girl: no more
(04:34 / Allies) Stinky-Girl: ?
(04:36 / All) nvca.rebuke: hey
(06:18 / Allies) Stinky-Girl: need to make it litge
(07:52 / Allies) Stinky-Girl: well done
(08:27 / Allies) Mohit: map hackers
(08:35 / All) Mohit: nice hack oj
(08:41 / All) BaLLa_: ty
(08:46 / Allies) Mohit: fucking help now
(09:50 / Allies) Mohit: they honestly hack
(11:19 / All) nvca.rebuke: hrass his expo
(12:07 / Allies) Stinky-Girl: all get and clear their expos
(12:58 / Allies) Stinky-Girl: hunt and fiend there
(14:01 / Allies) Mohit: stay together pls
(14:45 / Allies) Stinky-Girl: follow the mleee guys
(15:14 / Allies) Mohit: tp
(15:47 / Allies) Stinky-Girl: coming
(17:05 / All) nvca.rebuke: b
(17:37 / Allies) Mohit: heal me
(17:38 / Allies) Mohit: pink
(17:40 / Allies) nvca.rebuke: sack himÉ
(17:54 / Allies) Stinky-Girl: purp get edpo
(18:19 / Allies) Stinky-Girl: tal they need u
(18:33 / Allies) Stinky-Girl: we lose
(19:18 / Allies) Stinky-Girl: teal bgck
(19:44 / Allies) Mohit: spare gold .. gold me now
(19:56 / Allies) nvca.rebuke: ur getting the most useles s units though
(20:01 / Allies) Stinky-Girl: more fiend teal
(20:02 / Allies) Mohit: rifles ?
(20:03 / Allies) RoxXxx: let me get my hero
(20:33 / Allies) Stinky-Girl: purp help
(20:34 / Allies) Mohit: teal finds gonna bring you down
(20:39 / Allies) Mohit: where ?
(20:58 / Allies) RoxXxx: 100 gold
(20:58 / Allies) RoxXxx: plx
(21:22 / Allies) Stinky-Girl: hall
(22:28 / Allies) Mohit: help ?
(22:32 / Allies) nvca.rebuke: go
(22:34 / Allies) Stinky-Girl: all tp
(23:50 / Allies) Stinky-Girl: ,eet
(23:52 / Allies) Stinky-Girl: hit oj
(24:16 / Allies) Stinky-Girl: all oj hall
(24:24 / Allies) Stinky-Girl: hall
(25:42 / Allies) Stinky-Girl: teal come
(26:52 / Allies) Mohit: love the mk heal eh pink =)
(27:09 / All) BALLER4LIFE: well played red and blue well played
(27:15 / All) nvca.rebuke: lol cry
(27:18 / All) nvca.rebuke: i justcarried
(27:19 / Allies) nvca.rebuke: cuz im pro
(27:22 / All) nvca.rebuke: cuz im pro
(27:23 / All) BALLER4LIFE: eh
(27:31 / All) BALLER4LIFE: i dotn deserve to win
(27:34 / All) nvca.rebuke: u hack
(27:36 / All) nvca.rebuke: ofc not
(27:39 / All) BALLER4LIFE: since red and blue cant fight u 1v2
(27:45 / All) nvca.rebuke: noo one can
(27:47 / Allies) Mohit: want me to go ?
(27:53 / All) BaLLa_: ya ok
(28:03 / All) BALLER4LIFE: ncie kill on that wyrm noob
(28:11 / All) Hybrid(TB): yellow is a bitch
(28:11 / Allies) Stinky-Girl: tk
(28:11 / All) Hybrid(TB): gg